[Event "12th National Schools-ch 2024"]
[Site "Gyan Bhawan Patna"]
[Date "2024.02.06"]
[Round "1.2"]
[White "Nepal, Prakash Chandra"]
[Black "Advik Amit Agrawal"]
[Result "0-1"]
[ECO "C00"]
[WhiteElo "1900"]
[BlackElo "1490"]
[Annotator "TA"]
[PlyCount "72"]
[EventDate "2024.02.05"]
[EventCountry "IND"]
[SourceTitle "playchess.com"]
[Source "ChessBase"]
[SourceQuality "1"]
[TimeControl "5400+30"]

1. e4 e6 2. Nf3 d5 3. Nc3 dxe4 4. Nxe4 Nd7 5. Bb5 c6 6. Bc4 Ngf6 {[%emt 0:00:12] [#]} 7. O-O $2 Nxe4 $19 8. d3 {[%emt 0:00:33] Black has a decisive advantage.} Nef6 9. Bf4 Be7 10. Re1 O-O 11. h3 Nd5 12. Bxd5 cxd5 ({Don't take} 12... exd5 13. c4 $19) 13. c4 Nf6 14. Ne5 Qb6 15. b3 Rd8 16. Be3 d4 17. Bd2 Bd7 18. a4 a5 19. Rb1 Bb4 20. Bxb4 Qxb4 21. Nxd7 Rxd7 22. Qf3 Rad8 23. Re5 Qd2 24. Rb5 Kf8 25. b4 axb4 26. R5xb4 e5 27. Rxb7 Rxb7 28. Rxb7 {[%emt 0:00:37] [#]} (28. Qxb7 Qxd3 29. Qb4+ Kg8 30. Kh2) 28... e4 $1 29. dxe4 (29. Qg3 exd3) 29... d3 {[%emt 0:00:07] ...Qc1+ is the strong threat.} 30. e5 Qe1+ 31. Kh2 Qxe5+ 32. g3 d2 33. Qd1 Qe1 {[%emt 0:00:09] Black mates.} 34. Qf3 d1=Q 35. Qa3+ Kg8 36. h4 Qh1# {[%emt 0:00:01] Black took control after the opening.   Weighted Error Value: White=0.92/Black=0.31.  Loses game:     	White=1     	---        Mistake:       	White=1     	---        Inaccurate:     	White=1     	---        OK:         	White=4     	Black=7      Best:        	---       	Black=1} 0-1

[Event "12th National Schools-ch 2024"]
[Site "Gyan Bhawan Patna"]
[Date "2024.02.06"]
[Round "1.5"]
[White "Aamuktha Guntaka"]
[Black "Aashrita Balaji Guttula"]
[Result "1-0"]
[ECO "B76"]
[WhiteElo "1548"]
[BlackElo "1085"]
[Annotator "NA RC"]
[PlyCount "39"]
[EventDate "2024.02.05"]
[EventCountry "IND"]
[SourceTitle "playchess.com"]
[Source "ChessBase"]
[SourceQuality "1"]
[TimeControl "5400+30"]

1. e4 c5 2. Nf3 d6 3. d4 cxd4 4. Nxd4 Nf6 5. Nc3 g6 6. Be3 Bg7 7. f3 O-O 8. Qd2 Nc6 9. O-O-O Bd7 10. Kb1 Qa5 11. g4 Ne5 12. h4 Rfc8 13. h5 b5 14. hxg6 hxg6 15. Bh6 Nc4 16. Bxc4 Rxc4 17. Bxg7 Ne8 18. Qh6 f6 19. Qh8+ Kf7 20. Qf8# 1-0

[Event "12th National Schools-ch 2024"]
[Site "Gyan Bhawan Patna"]
[Date "2024.02.06"]
[Round "1.8"]
[White "Rudransh Kumar"]
[Black "Sadbhav Rautela"]
[Result "0-1"]
[ECO "C58"]
[WhiteElo "1046"]
[BlackElo "1949"]
[Annotator "TA"]
[PlyCount "62"]
[EventDate "2024.02.05"]
[EventCountry "IND"]
[SourceTitle "playchess.com"]
[Source "ChessBase"]
[SourceQuality "1"]
[TimeControl "5400+30"]

1. e4 e5 2. Nf3 Nc6 3. Bc4 Nf6 4. Ng5 d5 5. exd5 Na5 6. Bb5+ c6 7. dxc6 bxc6 8. Ba4 h6 9. Nf3 e4 10. Qe2 {[%emt 0:01:53] [#] Nc3 is the strong threat.} Qe7 $2 {[%emt 0:17:41] Black is more active.} (10... Bc5 $1 $17 {Threatens to win with ...0-0.} 11. Ne5 O-O) 11. Ng1 $1 $14 Be6 12. b3 Qc7 {[%emt 0:05:40] The position is equal.} 13. Bb2 Be7 (13... Bc5 $1 $14) 14. Bc3 $2 ({Better is} 14. Nc3 $16) 14... Nb7 ({Black should try} 14... O-O $15 15. Qe3 Nb7) 15. f3 $1 $11 Nc5 $36 {[%emt 0:03:02][%mdl 2048] Hoping for ...0-0. Black has some pressure.} 16. Bxf6 $2 {[%emt 0:05:05][%mdl 8192] This move loses the game for White.} (16. fxe4 $11 Rb8 (16... Nfxe4 17. Bxg7 Rg8 18. Nc3 $11) (16... Ncxe4 17. Bxf6 Nxf6 18. Nc3 $15) 17. d3) 16... Bxf6 $19 (16... gxf6 17. Nc3 $14) 17. Nc3 O-O (17... Nxa4 18. bxa4 Qa5 19. Rd1 $19) 18. fxe4 Bxc3 19. dxc3 Rfe8 {[%emt 0:00:29][%cal Oc5e4] And now ...Nxe4! would win.} (19... Nxa4 20. bxa4 Bd5 21. Nh3 $17 (21. exd5 $2 Rfe8 $19)) 20. Nf3 Bxb3 (20... Nxa4 21. bxa4 Bd5 22. Nd2 $17) 21. O-O $2 (21. cxb3 $2 Rxe4 $19 (21... Nxe4 $2 22. O-O $18) (21... Nxe4 $2 22. O-O $18)) (21. Bxb3 Rxe4 (21... Nxe4 $2 22. O-O $18) 22. Qxe4 Nxe4 23. O-O) 21... Bxa4 22. Qc4 Qe7 {[%emt 0:01:09][%cal Oa4b5] Strongly threatening ...Bb5!} ({Not} 22... Rxe4 23. Qxc5 Qb6 (23... Bxc2 24. Nd4 $17) 24. Qxb6 axb6 25. Rab1 $17) ({Less strong is} 22... Nxe4 23. Qxa4 Qb6+ (23... Nxc3 24. Qc4 $17) 24. Kh1 $17) 23. Nd4 Bb5 24. Nxb5 cxb5 25. Qxb5 Nxe4 {[%emt 0:00:11][%cal Oe4d2] aiming for ...Nd2!} 26. Rae1 Rab8 27. Qd3 Qc5+ 28. Kh1 {[%emt 0:00:13] [#]} (28. Qe3 $19) 28... Nf2+ {[%emt 0:00:13] Black mates.} 29. Rxf2 Rxe1+ 30. Rf1 Qf2 31. Rxe1 Qxe1+ {[%emt 0:00:06] Weighted Error Value: White=0.88/Black=0.33.  Loses game:     	White=1     	---        Mistake:       	White=3     	Black=2      Inaccurate:     	---       	Black=1      OK:         	White=4     	Black=5      Best:        	White=1     	Black=2      Strong:       	White=2     	---} 0-1

[Event "12th National Schools-ch 2024"]
[Site "Gyan Bhawan Patna"]
[Date "2024.02.06"]
[Round "1.9"]
[White "Bhillva Nilaya Kondari Eswara "]
[Black "Suhani Munet"]
[Result "1-0"]
[ECO "B52"]
[WhiteElo "1843"]
[BlackElo "1091"]
[Annotator "NA RC"]
[PlyCount "75"]
[EventDate "2024.02.05"]
[EventCountry "IND"]
[SourceTitle "playchess.com"]
[Source "ChessBase"]
[SourceQuality "1"]
[TimeControl "5400+30"]

1. e4 c5 2. Nf3 d6 3. Bb5+ Bd7 4. Bxd7+ Nxd7 5. O-O Ngf6 6. Re1 g6 7. c3 Bg7 8. d4 cxd4 (8... O-O $11 {is more appropriate.}) 9. cxd4 O-O 10. Nc3 {[%emt 0:02:33] B52: Sicilian: Moscow Variation with 3...Bd7.} Rc8 {[%emt 0:04:15] 10...a6 injects fresh life into this line.} 11. h3 Qa5 12. Bd2 $146 ({Predecessor:} 12. Be3 Qb4 13. Qd2 Nb6 14. a3 Qa5 15. b4 Qa6 16. Rec1 Nc4 17. Qe2 Nxe3 18. Qxa6 bxa6 19. fxe3 {½-½ Wafa,S (2182)-Nikolovska,D (1881) Djerba Online (Women) blitz 2020 (5)}) 12... Nb6 $2 {[%emt 0:13:31] [#]} ({Black should play} 12... e5 $14) 13. Nd5 $1 Qb5 14. Nxe7+ Kh8 15. Nxc8 Rxc8 16. b3 Re8 17. a4 Qd7 18. a5 Nc8 19. Qc2 Ne7 20. Rac1 Rc8 21. Qd3 Rxc1 22. Rxc1 Qe6 (22... Kg8 $142 23. d5 Ne8) 23. Ng5 Qd7 24. Nxf7+ Kg8 25. Ng5 h6 26. Nf3 Nc6 27. d5 Nd8 28. e5 dxe5 29. Nxe5 Qxd5 $18 30. Qxd5+ Nxd5 31. Rc8 Bf6 32. a6 b6 33. Nc6 h5 34. Nxd8 Kg7 35. Ra8 Nc7 36. Rxa7 Bxd8 37. Rxc7+ Bxc7 38. a7 1-0

[Event "12th National Schools-ch 2024"]
[Site "Gyan Bhawan Patna"]
[Date "2024.02.06"]
[Round "1.10"]
[White "Dangol, Rajkumar"]
[Black "Daksh Goyal"]
[Result "0-1"]
[ECO "B19"]
[WhiteElo "1647"]
[BlackElo "1853"]
[Annotator "NA"]
[PlyCount "132"]
[EventDate "2024.02.05"]
[EventCountry "IND"]
[SourceTitle "playchess.com"]
[Source "ChessBase"]
[SourceQuality "1"]
[TimeControl "5400+30"]

1. e4 c6 2. d4 d5 3. Nc3 dxe4 4. Nxe4 Bf5 5. Ng3 Bg6 6. Nf3 Nd7 7. h4 h6 8. c3 e6 9. h5 Bh7 10. Bd3 Bxd3 11. Qxd3 Ngf6 12. Bf4 Qa5 13. Ne5 {[%emt 0:03:13] B19: Classical Caro-Kann: 4...Bf5 main line.} Nd5 14. Qf3 Nxf4 15. Qxf4 Nxe5 16. Qxe5 Qb6 17. O-O-O O-O-O 18. Qf4 Qc7 19. Qxc7+ (19. Qf3 $11) 19... Kxc7 20. Kc2 Rd5 21. c4 (21. Nf1 $11) 21... Rg5 22. Rd3 Bd6 23. Rh4 Rd8 (23... b5 $15) 24. f4 Ra5 25. Rg4 Bf8 26. a3 Ra4 27. b4 {[%emt 0:02:11] [#]} (27. Kc3 $1 $11) 27... a5 $1 28. c5 $2 (28. f5 $17) 28... axb4 29. axb4 Ra2+ ({But not} 29... Rxb4 30. Ne2 $19) 30. Kb3 Rxg2 31. Rh4 Ra8 32. Rh1 (32. f5 $142) 32... b5 33. cxb6+ Kxb6 34. Ne4 Rga2 35. Rb1 (35. Kc4 $17) 35... Rh2 36. Nc5 Rxh5 37. Kc4 Bxc5 38. bxc5+ Kc7 39. Rdb3 Ra4+ 40. Kd3 Rh3+ 41. Ke4 Rxb3 42. Rxb3 Ra1 43. Re3 Rf1 44. Ke5 h5 45. Ke4 Ra1 46. f5 exf5+ ({Don't take} 46... Kd7 47. fxe6+ Kxe6 48. d5+ Kd7 (48... cxd5+ 49. Kd4+ Kd7 50. Kxd5 $19) 49. d6 $19) 47. Kxf5 Kd7 48. Kg5 Rd1 49. Re4 g6 50. Rf4 Ke7 51. Re4+ Kf8 52. Kf6 Rf1+ 53. Ke5 Kg7 (53... Ke7 $142 54. d5 Kd7) 54. Kd6 {[%emt 0:01:04] [#]} Rf6+ $2 ({Black should try} 54... g5 $1 $19 55. Kxc6 g4) 55. Ke7 $2 (55. Kd7 $1 $11 {and White has nothing to worry.}) 55... g5 56. Re5 (56. d5 $19 cxd5 57. Re5) 56... Kg6 57. Re4 h4 58. Re3 g4 $19 (58... Re6+ $142 59. Rxe6+ fxe6 60. Kxe6 h3 61. Kd6 h2 62. d5 h1=Q (62... h1=R 63. dxc6 g4 64. c7 Rh8 65. Kd7 g3 66. c8=Q Rxc8 67. Kxc8 g2 68. c6 g1=Q 69. Kb7 Qb1+ 70. Ka7 Qf5 71. Kb6 Kf6 72. c7 Qc8 73. Kc5 Qxc7+ 74. Kd4 Qc6 75. Ke3 Qc3+ 76. Ke4 Qd2 77. Kf3 Kf5 78. Kg3 Qe2 79. Kh3 Kf4 80. Kh4 Qh2#) 63. dxc6 Qe4 (63... Qh2+ {gets mated.} 64. Kd7 Kf7 65. c7 Qh3+ 66. Kc6 Qc8 67. Kd5 g4 68. Ke4 Qxc7 69. Ke3 Qe5+ 70. Kd2 g3 71. Kd3 g2 72. Kc4 g1=Q 73. Kb3 Qexc5 74. Kb2 Qh2+ 75. Kb3 Qhc2#) 64. Kc7 Kf6 65. Kb7 Qb4+ 66. Kc8 Ke6 (66... Qxc5 {is a self mate.} 67. Kd7 Qd4+ 68. Kc8 Ke6 69. Kb8 Kd6 70. Kb7 Qb4+ 71. Kc8 Kxc6 72. Kd8 Qf8#) 67. Kc7 Qxc5 68. Kb7 Kd6 69. Ka8 Kxc6 (69... Qxc6+ 70. Kb8 Qb5+ 71. Ka7 Kc7 72. Ka8 Qb8#) 70. Kb8 Qb4+ 71. Kc8 Qf8#) 59. Re4 {[%emt 0:00:12] [#]} Re6+ $1 60. Rxe6+ fxe6 61. Kxe6 g3 62. Kd6 g2 63. Kxc6 g1=Q 64. d5 h3 65. d6 h2 66. d7 h1=Q+ 0-1

[Event "12th National Schools-ch 2024"]
[Site "Gyan Bhawan Patna"]
[Date "2024.02.06"]
[Round "2.1"]
[White "Kiyana Parihar"]
[Black "Ankita Raj"]
[Result "1-0"]
[ECO "C54"]
[WhiteElo "1341"]
[BlackElo "1549"]
[Annotator "NA RC"]
[PlyCount "109"]
[EventDate "2024.02.05"]
[EventCountry "IND"]
[SourceTitle "playchess.com"]
[Source "ChessBase"]
[SourceQuality "1"]
[TimeControl "5400+30"]

1. e4 e5 2. Nf3 Nc6 3. Bc4 Bc5 4. c3 Nf6 5. d3 h6 6. Nbd2 d6 7. O-O O-O 8. a4 a5 9. Re1 Qe7 10. Nf1 Be6 11. Ng3 d5 12. exd5 Bxd5 13. Bxd5 Nxd5 14. d4 Ba7 15. Nxe5 Qd6 16. Nf5 Qf6 17. Qg4 Nxe5 18. Rxe5 Rfe8 19. Rxe8+ Rxe8 20. Bxh6 g6 21. Ne3 Nxe3 22. Bxe3 Qe7 23. h4 c5 24. d5 Qd6 25. c4 f5 26. Qg5 Bb8 27. g3 Qb6 28. h5 Kf7 29. Qxg6+ Qxg6 30. hxg6+ Kxg6 31. Bxc5 Rc8 32. Bd4 Rxc4 33. Bc3 b6 34. Rd1 Bd6 35. Rd4 Rc5 36. f4 Rc8 37. Kg2 Kh5 38. Kf3 Re8 39. Rd1 Bc5 40. Be5 Rd8 41. d6 Rd7 42. Rd5 Kg6 43. g4 fxg4+ 44. Kxg4 Kf7 45. Kf5 Bb4 46. Rd1 Bc5 47. Rh1 Kg8 48. Kg6 Rxd6+ 49. Bxd6 Bxd6 50. f5 Be5 51. f6 Bxb2 52. f7+ Kf8 53. Re1 Be5 54. Rxe5 b5 55. Re8# 1-0

[Event "12th National Schools-ch 2024"]
[Site "Gyan Bhawan Patna"]
[Date "2024.02.06"]
[Round "2.2"]
[White "Advik Amit Agrawal"]
[Black "Paladugu Sai Shreyan"]
[Result "1/2-1/2"]
[ECO "C54"]
[WhiteElo "1490"]
[BlackElo "1018"]
[Annotator "NA RC"]
[PlyCount "118"]
[EventDate "2024.02.05"]
[EventCountry "IND"]
[SourceTitle "playchess.com"]
[Source "ChessBase"]
[SourceQuality "1"]
[TimeControl "5400+30"]

1. e4 e5 2. Nf3 Nc6 3. Bc4 Bc5 4. c3 Nf6 5. d3 d6 6. h3 a6 7. Bb3 Ba7 8. O-O Qe7 9. Be3 Be6 10. Bc2 O-O 11. Nbd2 d5 12. Bxa7 Rxa7 13. Re1 dxe4 14. Nxe4 Nxe4 15. dxe4 Raa8 16. Qe2 Rad8 17. b4 Qf6 18. a4 a5 19. bxa5 Nxa5 20. Qb5 Nc4 21. Red1 Qg6 22. Rxd8 Rxd8 23. Rd1 Rxd1+ 24. Bxd1 Nd6 25. Qxe5 Qxe4 26. Qd4 Qg6 27. Ne5 Qe4 28. Bf3 Qxd4 29. cxd4 c6 30. Kf1 Nf5 31. a5 Nxd4 32. a6 bxa6 33. Bxc6 Nxc6 34. Nxc6 Kf8 35. g4 h5 36. f3 Ke8 37. Ke2 Kd7 38. Nd4 hxg4 39. hxg4 Kd6 40. Kd3 Kc5 41. Kc3 a5 42. g5 g6 43. Nc2 a4 44. Na3 Kd5 45. Kd3 Bf5+ 46. Kc3 Ke5 47. Nc4+ Kf4 48. Nd6 Be6 49. Ne4 Kxf3 50. Nf6 Kf4 51. Nh7 a3 52. Kc2 a2 53. Kb2 f5 54. gxf6 Bg8 55. Ka1 Ke5 56. Kb2 Ke6 57. Nf8+ Kxf6 58. Nxg6 a1=Q+ 59. Kxa1 Kxg6 1/2-1/2

[Event "12th National Schools-ch 2024"]
[Site "Gyan Bhawan Patna"]
[Date "2024.02.06"]
[Round "2.3"]
[White "Pal Vedika"]
[Black "Ritisha Mayra Rajbongshi"]
[Result "1-0"]
[ECO "C50"]
[WhiteElo "1539"]
[BlackElo "1063"]
[Annotator "NA RC"]
[PlyCount "53"]
[EventDate "2024.02.05"]
[EventCountry "IND"]
[SourceTitle "playchess.com"]
[Source "ChessBase"]
[SourceQuality "1"]
[TimeControl "5400+30"]

1. e4 e5 2. Nf3 Nc6 3. d4 exd4 4. Bc4 Nf6 5. O-O d6 6. Nxd4 Be7 7. Nc3 O-O 8. h3 h6 9. Re1 Nd7 10. Nd5 Bf6 11. Nb5 Nce5 12. Bb3 c6 13. Nxf6+ Nxf6 14. Nxd6 Ne8 15. Nxf7 Qxd1 16. Nxe5+ Kh7 17. Rxd1 Nf6 18. c3 Re8 19. Bf4 Be6 20. Bxe6 Rxe6 21. f3 Re7 22. Nc4 Rf8 23. Bd6 Rfe8 24. Bxe7 Rxe7 25. Ne3 Re8 26. Nf5 Kg8 27. Rd3 1-0

[Event "12th National Schools-ch 2024"]
[Site "Gyan Bhawan Patna"]
[Date "2024.02.06"]
[Round "2.4"]
[White "Virat J S"]
[Black "Andalamala Hemal Varshan"]
[Result "0-1"]
[ECO "B24"]
[WhiteElo "1180"]
[BlackElo "1578"]
[Annotator "NA RC"]
[PlyCount "94"]
[EventDate "2024.02.05"]
[EventCountry "IND"]
[SourceTitle "playchess.com"]
[Source "ChessBase"]
[SourceQuality "1"]
[TimeControl "5400+30"]

1. e4 c5 2. Nc3 g6 3. g3 Bg7 4. Nge2 Nc6 5. Bg2 e6 6. O-O Nge7 7. f4 d5 8. exd5 exd5 9. Kh1 O-O 10. d3 Re8 11. Bd2 Bg4 12. h3 Be6 13. Be1 Qd7 14. Kh2 f5 15. Ng1 d4 16. Na4 b6 17. Nf3 Nd5 18. Bf2 Qd6 19. b3 Ne3 20. Bxe3 dxe3 21. Ne5 Bd5 22. Bxd5+ Qxd5 23. Nc3 Qe6 24. Rb1 Bxe5 25. fxe5 Qxe5 26. Ne2 Nd4 27. Rc1 Rad8 28. a4 Qd5 29. Nxd4 cxd4 30. Qe2 Rc8 31. Rfe1 Rc3 32. Rf1 Rec8 33. Rg1 Qc5 34. Qf3 Rxc2+ 35. Rxc2 Qxc2+ 36. Kh1 Qc6 37. Qxc6 Rxc6 38. g4 f4 39. Kg2 Rc2+ 40. Kf3 Rf2+ 41. Ke4 e2 42. Rc1 Rf1 43. Rc8+ Kf7 44. Rc7+ Ke6 45. Rc8 e1=Q+ 46. Kxd4 Qe5+ 47. Kc4 Rc1+ 0-1

[Event "12th National Schools-ch 2024"]
[Site "Gyan Bhawan Patna"]
[Date "2024.02.06"]
[Round "2.5"]
[White "Sahana Shainsha"]
[Black "Aamuktha Guntaka"]
[Result "1/2-1/2"]
[ECO "B22"]
[WhiteElo "1298"]
[BlackElo "1548"]
[Annotator "NA RC"]
[PlyCount "66"]
[EventDate "2024.02.05"]
[EventCountry "IND"]
[SourceTitle "playchess.com"]
[Source "ChessBase"]
[SourceQuality "1"]
[TimeControl "5400+30"]

1. e4 c5 2. c3 Nf6 3. e5 Nd5 4. Nf3 e6 5. d4 cxd4 6. cxd4 d6 7. Bc4 Nb6 8. Bd3 Be7 9. Nc3 O-O 10. O-O Nc6 11. h3 a6 12. a3 Qc7 13. Qe2 Rd8 14. Bf4 g6 15. Rac1 dxe5 16. dxe5 Bd7 17. Bg3 Be8 18. Rfd1 Nd5 19. Nxd5 Rxd5 20. Be4 Rxd1+ 21. Qxd1 Qb6 22. Qd2 Rd8 23. Qc3 Rc8 24. Bf4 Na7 25. Qd2 Rxc1+ 26. Qxc1 Bc5 27. Qd2 Bc6 28. Bxc6 Nxc6 29. Bg5 Be7 30. Bxe7 Nxe7 31. Ng5 Qc7 32. f4 Nd5 33. Ne4 Qb6+ 1/2-1/2

[Event "12th National Schools-ch 2024"]
[Site "Gyan Bhawan Patna"]
[Date "2024.02.06"]
[Round "2.6"]
[White "Nimay Agrawal"]
[Black "Yatharth Nathani"]
[Result "1-0"]
[ECO "B33"]
[WhiteElo "2067"]
[BlackElo "1194"]
[Annotator "NA RC"]
[PlyCount "49"]
[EventDate "2024.02.05"]
[EventCountry "IND"]
[SourceTitle "playchess.com"]
[Source "ChessBase"]
[SourceQuality "1"]
[TimeControl "5400+30"]

1. e4 c5 2. Nf3 Nc6 3. d4 cxd4 4. Nxd4 e5 5. Nb5 d6 6. N1c3 a6 7. Na3 b5 8. Nd5 Nf6 9. Bg5 Be7 10. Bxf6 Bxf6 11. c3 Bb7 12. Nc2 O-O 13. Nce3 Rc8 14. Bd3 Bg5 15. O-O Ne7 16. Nxe7+ Qxe7 17. Nf5 Qe6 18. Bc2 Rfd8 19. Qg4 Qg6 20. Rad1 b4 21. Rd3 bxc3 22. bxc3 Rc4 23. Rg3 h6 24. h4 Bxh4 25. Qxh4 1-0

[Event "12th National Schools-ch 2024"]
[Site "Gyan Bhawan Patna"]
[Date "2024.02.06"]
[Round "2.7"]
[White "Sherali Pattnaik"]
[Black "Srinika Guin"]
[Result "1/2-1/2"]
[ECO "C45"]
[WhiteElo "1501"]
[BlackElo "1242"]
[Annotator "NA RC"]
[PlyCount "98"]
[EventDate "2024.02.05"]
[EventCountry "IND"]
[SourceTitle "playchess.com"]
[Source "ChessBase"]
[SourceQuality "1"]
[TimeControl "5400+30"]

1. e4 e5 2. Nf3 Nc6 3. d4 exd4 4. Nxd4 Bc5 5. Nb3 Bb6 6. Qe2 d6 7. Be3 Bxe3 8. Qxe3 Nf6 9. Nc3 Bd7 10. O-O-O O-O 11. f3 a5 12. a3 a4 13. Nd4 Re8 14. g4 Nxd4 15. Rxd4 Bc6 16. h4 Ra5 17. Be2 Qe7 18. Qd2 b6 19. Rg1 Nd7 20. g5 Nc5 21. Nd5 Bxd5 22. Rxd5 Qe6 23. h5 Nb3+ 24. cxb3 Rxd5 25. exd5 Qxe2 26. Qxe2 Rxe2 27. bxa4 Re3 28. Kd2 Rxf3 29. Rc1 Rf5 30. Rxc7 Rxd5+ 31. Kc3 Kf8 32. Rc6 Ke7 33. Rc7+ Ke6 34. g6 hxg6 35. hxg6 Rc5+ 36. Rxc5 dxc5 37. gxf7 Kxf7 38. Kd3 Ke6 39. Ke4 g6 40. b3 g5 41. b4 cxb4 42. axb4 Kd6 43. Kd4 g4 44. Ke4 g3 45. Kf3 Kd5 46. Kxg3 Kc4 47. a5 bxa5 48. bxa5 Kb5 49. a6 Kxa6 1/2-1/2

[Event "12th National Schools-ch 2024"]
[Site "Gyan Bhawan Patna"]
[Date "2024.02.06"]
[Round "2.8"]
[White "Sadbhav Rautela"]
[Black "Nanthabalan V B"]
[Result "1-0"]
[ECO "B52"]
[WhiteElo "1949"]
[BlackElo "1256"]
[Annotator "RC"]
[PlyCount "75"]
[EventDate "2024.02.05"]
[EventCountry "IND"]
[SourceTitle "playchess.com"]
[Source "ChessBase"]
[SourceQuality "1"]
[TimeControl "5400+30"]

1. e4 c5 2. Nf3 d6 3. Bb5+ Bd7 4. Bxd7+ Qxd7 5. c4 Nf6 6. Nc3 Nc6 7. O-O g6 8. d4 cxd4 9. Nxd4 Bg7 10. Nc2 O-O 11. Ne3 Rac8 12. Bd2 Qe6 13. f3 Nd7 14. Rc1 Nde5 15. b3 Nd3 16. Rb1 Bd4 17. Ncd5 Qe5 18. Kh1 e6 19. Ng4 Qg7 20. Bh6 Qh8 21. Bxf8 h5 22. Qxd3 hxg4 23. Ne7+ Nxe7 24. Bxe7 g3 25. h3 e5 26. Bg5 f6 27. Be3 Rc7 28. Bxd4 Rh7 29. Kg1 exd4 30. f4 Kg7 31. Qxg3 Qc8 32. Rbd1 Qc5 33. Rd3 Kh6 34. f5 g5 35. h4 Re7 36. hxg5+ fxg5 37. Qh3+ Kg7 38. f6+ 1-0

[Event "12th National Schools-ch 2024"]
[Site "Gyan Bhawan Patna"]
[Date "2024.02.06"]
[Round "2.9"]
[White "Dishita Dey"]
[Black "Bhillva Nilaya Kondari Eswara "]
[Result "1-0"]
[ECO "B43"]
[WhiteElo "1238"]
[BlackElo "1843"]
[Annotator "NA RC"]
[PlyCount "113"]
[EventDate "2024.02.05"]
[EventCountry "IND"]
[SourceTitle "playchess.com"]
[Source "ChessBase"]
[SourceQuality "1"]
[TimeControl "5400+30"]

1. e4 c5 2. Nf3 e6 3. d4 cxd4 4. Nxd4 a6 5. Nc3 b5 6. Qf3 {[%emt 0:04:39] B43: Sicilian: Kan Variation: 5 Nc3.} Bb7 7. a3 Qc7 8. Bd3 Bd6 9. h3 Be5 10. Be3 Nc6 11. Nce2 Nf6 12. O-O d5 13. exd5 Nxd5 14. Be4 O-O 15. Bxd5 Nxd4 16. Bxd4 Bxd5 17. Qc3 Qxc3 18. Bxc3 Bd6 19. Rad1 a5 20. Bd2 b4 21. Bf4 Be7 22. axb4 axb4 23. b3 Bf6 24. Bd2 Rab8 25. Nc1 Rfc8 26. Bf4 Rb6 ({Black should try} 26... Rb5 27. Rd2 Be4) 27. Rd2 Bc3 28. Re2 Re8 ({Black should play} 28... Bc6 $17 29. Rd1 h6) 29. Be5 Bxe5 30. Rxe5 f6 31. Re2 e5 32. Rd1 Rd8 33. Red2 Rbd6 34. Na2 Kf7 35. Nxb4 Ke6 36. Nxd5 Rxd5 37. Rxd5 Rxd5 38. Rxd5 Kxd5 39. Kf1 Kd4 40. Ke2 Kc3 41. Ke3 f5 42. g4 g6 43. g5 Kb4 44. Kd3 Kc5 45. c4 Kb4 46. h4 Kc5 47. Kc3 Kc6 48. b4 e4 49. Kd4 Kd6 50. b5 Kc7 51. c5 Kd7 52. Kd5 Kc8 53. Kc6 f4 54. b6 e3 55. b7+ Kb8 56. Kb6 exf2 57. c6 1-0

[Event "12th National Schools-ch 2024"]
[Site "Gyan Bhawan Patna"]
[Date "2024.02.06"]
[Round "2.10"]
[White "Daksh Goyal"]
[Black "Godhani Maharth"]
[Result "1-0"]
[ECO "A07"]
[WhiteElo "1853"]
[BlackElo "1496"]
[Annotator "NA RC"]
[PlyCount "79"]
[EventDate "2024.02.05"]
[EventCountry "IND"]
[SourceTitle "playchess.com"]
[Source "ChessBase"]
[SourceQuality "1"]
[TimeControl "5400+30"]

1. Nf3 d5 2. g3 Nf6 3. Bg2 e6 4. O-O Bd6 5. c4 c5 6. cxd5 exd5 7. d4 O-O 8. Nc3 h6 9. Nb5 Be7 10. dxc5 Qa5 11. Nd6 Qxc5 12. Nxc8 Qxc8 13. b3 Rd8 14. Bb2 Nc6 15. Rc1 Qd7 16. Ne5 Qe6 17. Nd3 Ne4 18. Nf4 Qf5 19. Qc2 Nb4 20. Qb1 Nd6 21. a3 g5 22. Nxd5 Qxb1 23. Nxe7+ Kf8 24. Rxb1 Kxe7 25. axb4 a5 26. bxa5 Rxa5 27. Ra1 Rb5 28. Ba3 Rxb3 29. Rfd1 b5 30. Bxd6+ Rxd6 31. Ra7+ Ke6 32. Bh3+ Ke5 33. f4+ gxf4 34. gxf4+ Kxf4 35. Rxd6 Rxh3 36. Rxf7+ Ke3 37. Rd3+ Kxe2 38. Rxh3 h5 39. Rf2+ Kd1 40. Ra3 1-0

[Event "12th National Schools-ch 2024"]
[Site "Gyan Bhawan Patna"]
[Date "2024.02.07"]
[Round "3.2"]
[White "Aarit Kapil"]
[Black "Rudra Nil Roy"]
[Result "1-0"]
[ECO "A41"]
[WhiteElo "1494"]
[BlackElo "1143"]
[Annotator "NA RC"]
[PlyCount "125"]
[EventDate "2024.02.05"]
[EventCountry "IND"]
[SourceTitle "playchess.com"]
[Source "ChessBase"]
[SourceQuality "1"]
[TimeControl "5400+30"]

1. e4 e5 2. Nf3 Nc6 3. d4 d6 4. d5 Nce7 5. c4 f5 6. Nc3 Nf6 7. Bd3 f4 8. g3 Ng6 9. gxf4 exf4 10. Ne2 Bg4 11. Nxf4 Ne5 12. Be2 Nxe4 13. Nxe5 dxe5 14. Bxg4 exf4 15. Qa4+ c6 16. dxc6 Nc5 17. Bd7+ Nxd7 18. cxd7+ Qxd7 19. Qxd7+ Kxd7 20. Bxf4 Bb4+ 21. Kf1 Rhf8 22. Be3 Rae8 23. Bxa7 Kc6 24. a3 Be7 25. Bd4 Rf7 26. Re1 Ref8 27. Rg1 g6 28. Re6+ Kd7 29. Rxe7+ Rxe7 30. Bc5 Rf3 31. Bxe7 Kxe7 32. Rg3 Rf4 33. Rb3 Rh4 34. Rxb7+ Kf6 35. Kg2 h5 36. b3 Rg4+ 37. Kf1 Rh4 38. c5 Rxh2 39. Kg1 Rh4 40. c6 Rg4+ 41. Kh2 Rf4 42. Kg3 Rf5 43. b4 h4+ 44. Kxh4 Rxf2 45. b5 Rf3 46. c7 Rc3 47. Kg4 Ke6 48. b6 Kd7 49. Rb8 Rc4+ 50. Kg5 Rc5+ 51. Kxg6 Rc6+ 52. Kf5 Rc5+ 53. Ke4 Rc4+ 54. Kd5 Rxc7 55. bxc7 Kxc7 56. Rb1 Kd7 57. a4 Kc7 58. a5 Kd7 59. a6 Kc7 60. a7 Kd7 61. Rb7+ Kc8 62. Kc6 Kd8 63. a8=R# 1-0

[Event "12th National Schools-ch 2024"]
[Site "Gyan Bhawan Patna"]
[Date "2024.02.07"]
[Round "3.3"]
[White "Deepthaashri Ravi Ganesh"]
[Black "Pal Vedika"]
[Result "0-1"]
[ECO "B76"]
[WhiteElo "1124"]
[BlackElo "1539"]
[Annotator "NA RC"]
[PlyCount "68"]
[EventDate "2024.02.05"]
[EventCountry "IND"]
[SourceTitle "playchess.com"]
[Source "ChessBase"]
[SourceQuality "1"]
[TimeControl "5400+30"]

1. e4 c5 2. Nf3 d6 3. d4 cxd4 4. Nxd4 Nf6 5. Nc3 g6 6. Be3 Bg7 7. Qd2 O-O 8. f3 Nc6 9. g4 Bd7 10. O-O-O Rc8 11. h4 h5 12. g5 Nh7 13. Be2 a5 14. f4 a4 15. a3 Na5 16. Kb1 Rb8 17. f5 b5 18. Nd5 Nc4 19. Bxc4 bxc4 20. Nb4 Qa5 21. Qe2 Rfc8 22. c3 gxf5 23. Qxh5 f4 24. Bxf4 e5 25. g6 fxg6 26. Qxg6 exf4 27. Rhg1 Qe5 28. h5 Kh8 29. h6 Bf6 30. Nf3 Qe6 31. Nd5 Rg8 32. Qh5 Qxe4+ 33. Ka1 Qe2 34. Rge1 Qxb2# 0-1